Map: Sludge City

Players

Tezzarate

  • Race: Zerg Zerg
  • League: Gold
  • Spawn Location: 5:00

Micotarie

  • Race: Terran Terran
  • League: Platinum
  • Spawn Location: 5:00

Grumm - Winner!

  • Race: Protoss Protoss
  • League: Gold
  • Spawn Location: 11:00

TylerDurden - Winner!

  • Race: Zerg Zerg
  • League: Platinum
  • Spawn Location: 9:00

VOD

Have the link to the VOD?

Description

Time

  • Played on: Jan. 24, 2016, 11:33 p.m.
  • Length: 11:42
Show
View Real Time Build Order
Export as new Build Order

Tezzarate Zerg 

Build Orders: Hatch First 

Get SALT Encoding   

  12  0:02  Drone  
  13  0:11  Drone  
  14  0:18  Extractor  
  14  0:20  Drone, Extractor  
  13  0:22  Drone  
  16  0:30  Overlord  
  16  0:48  Drone x2  
  18  0:56  Drone  
  19  1:03  Hatchery  
  18  1:08  Drone  
  19  1:17  Drone  
  20  1:22  Spawning Pool  
  20  1:23  Extractor  
  18  1:28  Drone  
  19  1:44  Drone  
  20  1:49  Overlord  
  20  2:01  Drone  
  21  2:14  Roach Warren  
  20  2:17  Zergling x4, Extractor  
  20  2:18  Queen  
  20  2:22  Spore Crawler  
  22  2:26  Drone  
  22  2:28  Zergling x2  
  24  2:34  Drone  
  25  2:37  Metabolic Boost  
  25  2:43  Zergling x2  
  26  2:50  Spine Crawler  
  25  2:52  Spine Crawler  
  25  2:53  Zergling x2  
  25  3:02  Overlord  
  25  3:03  Drone  
  26  3:13  Drone x2  
  27  3:23  Roach x2  
  31  3:28  Roach  
  31  3:30  Drone  
  34  3:36  Drone x2  
  36  3:42  Overlord  
  36  3:50  Overlord  
  36  4:02  Zergling x4, Roach x2  
  42  4:07  Roach  
  42  4:09  Zergling x2  
  45  4:12  Overlord  
  45  4:17  Drone x2  
  47  4:27  Roach  
  47  4:28  Roach  
  47  4:30  Overlord  
  51  4:41  Zergling x2  
  51  4:42  Roach  
  54  4:48  Roach x4  
  56  5:04  Drone  
  53  5:10  Zergling x4, Roach  
  57  5:18  Drone, Spore Crawler  
  57  5:19  Drone  
  58  5:39  Ravager x3  
  61  5:45  Zergling x2, Roach  
  61  5:46  Zergling x6  
  67  5:52  Zergling x2  
  53  6:30  Ravager  
  52  6:44  Roach x2  
  48  7:03  Zergling x4  
  48  7:04  Zergling x4, Overlord  
  52  7:08  Extractor  
  52  7:09  Drone  
  52  7:17  Ravager  
  52  7:18  Drone x2  
  52  7:20  Queen x2  
  59  7:24  Hatchery  
  54  7:42  Drone x2  
  54  7:43  Drone x2  
  56  8:01  Zergling x2  
  56  8:02  Zergling x2, Roach  
  60  8:10  Zergling x4  
  33  8:27  Zergling x2  
  33  8:28  Zergling x4  
  28  9:17  Overlord x3  
  18  10:05  Zergling x6  
  21  10:08  Zergling x6  
Show
View Real Time Build Order
Export as new Build Order

Micotarie Terran 

Build Orders: MMM Bio 

Get SALT Encoding   

  12  0:01  SCV  
  13  0:13  SCV  
  14  0:18  Supply Depot  
  14  0:25  SCV  
  15  0:40  SCV  
  15  0:41  Barracks  
  16  0:52  SCV  
  17  1:04  SCV  
  18  1:27  Command Center  
  18  1:30  Supply Depot  
  18  1:33  Orbital Command  
  18  1:37  Marine  
  19  1:46  Refinery  
  19  1:48  Refinery  
  19  1:56  Marine  
  20  2:03  Barracks  
  20  2:12  SCV  
  20  2:14  Marine  
  22  2:32  Marine  
  22  2:34  SCV  
  24  2:38  Orbital Command  
  24  2:43  Factory  
  25  2:56  Barracks Tech Lab  
  25  2:57  Barracks Reactor  
  24  3:00  Barracks  
  24  3:03  SCV x2  
  26  3:16  SCV x2  
  26  3:18  Marine  
  29  3:21  Stimpack  
  29  3:28  SCV x2  
  29  3:32  Starport  
  31  3:37  Factory Reactor  
  31  3:41  SCV x2  
  33  3:46  Refinery  
  33  3:48  Refinery  
  33  3:50  Marine  
  33  3:53  SCV x2, Barracks Reactor  
  36  4:05  SCV x2  
  36  4:06  Marine x2  
  40  4:17  SCV x2  
  40  4:18  Marine  
  40  4:21  Medivac  
  45  4:24  Marine  
  45  4:28  Supply Depot  
  45  4:29  Supply Depot  
  46  4:43  Supply Depot  
  46  4:44  Supply Depot  
  46  4:49  Marine x4  
  46  4:50  Medivac, Engineering Bay  
  46  4:51  Engineering Bay  
  52  4:53  Marine  
  53  5:00  SCV x2  
  55  5:07  Marine x2  
  55  5:12  SCV  
  55  5:13  SCV  
  59  5:17  Terran Infantry Armor Level 1, Terran Infantry Weapons Level 1  
  59  5:20  Medivac, Armory  
  61  5:21  Combat Shields  
  61  5:29  SCV  
  61  5:30  SCV  
  63  5:42  SCV x2  
  65  5:43  Marine  
  65  5:44  Marine x4  
  70  6:01  Marine  
  71  6:26  Marine x5  
  70  6:43  Medivac, Marine  
  70  6:44  Medivac, Marine x3  
  70  6:45  Factory Tech Lab  
  78  6:48  Terran Vehicle Weapons Level 1  
  78  7:02  Barracks  
  78  7:06  Barracks  
  78  7:07  Barracks  
  78  7:08  Barracks  
  78  7:09  Marine x3, SCV x2  
  78  7:11  Siege Tank  
  78  7:14  Terran Infantry Weapons Level 2, Terran Infantry Armor Level 2  
  86  7:22  SCV x2  
  79  7:26  Command Center  
  79  7:27  Medivac x2  
  83  7:34  SCV  
  83  7:35  Marine x4  
  83  7:36  Marine  
  89  7:43  Siege Tank  
  85  7:49  Missile Turret  
  85  7:51  Missile Turret  
  71  8:14  Marine x6  
  71  8:15  Marine x3  
  65  8:32  Marine x8  
  65  8:33  Marine  
  69  8:42  Medivac x2  
  69  8:45  Orbital Command  
  69  8:46  SCV x2  
  69  8:49  Marine  
  69  8:50  Marine x8  
  63  8:58  SCV  
  58  9:08  Marine x7  
  63  9:12  Medivac  
  58  9:22  Siege Tank  
  58  9:26  Marine x6  
  64  9:43  Marine x3  
  64  9:44  Marine x3  
  54  9:54  Siege Tank  
  51  10:01  Marine x5  
  51  10:16  Marine  
  51  10:19  Marine x4  
  45  10:34  Marine  
  42  10:37  Marine x4  
  43  10:51  Barracks  
  43  10:52  Marine  
  43  10:53  Barracks  
  43  10:55  Marine x4  
  44  11:09  Marine  
  42  11:13  Marine  
  42  11:15  Starport Reactor  
  42  11:17  Barracks Reactor  
  42  11:18  Barracks Reactor  
  49  11:30  Missile Turret  
  49  11:31  Missile Turret  
Show
View Real Time Build Order
Export as new Build Order

Grumm Protoss - Winner!

Build Orders: Nexus First, Oracle Opening 

Get SALT Encoding   

  12  0:01  Probe (Chrono Boost)  
  13  0:12  Probe (Chrono Boost)  
  14  0:25  Probe (Chrono Boost)  
  15  0:31  Pylon  
  15  0:49  Probe (Chrono Boost)  
  16  0:57  Nexus  
  16  1:11  Gateway  
  16  1:17  Assimilator  
  16  1:20  Probe (Chrono Boost)  
  17  1:27  Pylon  
  17  1:40  Probe (Chrono Boost)  
  18  1:51  Probe (Chrono Boost)  
  18  1:53  Gateway  
  19  1:58  Cybernetics Core  
  19  2:02  Assimilator  
  19  2:05  Probe (Chrono Boost)  
  20  2:13  Probe (Chrono Boost)  
  21  2:16  Probe (Chrono Boost)  
  22  2:24  Zealot (Chrono Boost)  
  24  2:31  Warp Gate  
  24  2:32  Probe  
  24  2:33  Probe  
  28  2:44  Adept (Chrono Boost)  
  28  2:46  Probe  
  28  2:47  Probe  
  30  2:56  Probe  
  33  2:58  Zealot (Chrono Boost)  
  33  2:59  Probe  
  33  3:01  Stargate  
  34  3:21  Probe  
  34  3:22  Probe, Stalker (Chrono Boost)  
  34  3:24  Stalker (Chrono Boost)  
  34  3:26  Pylon  
  40  3:31  Assimilator  
  40  3:34  Assimilator  
  40  3:35  Probe  
  40  3:36  Pylon, Probe  
  42  3:46  Probe  
  43  3:49  Probe  
  43  3:50  Oracle (Chrono Boost)  
  47  4:00  Stalker  
  49  4:11  Probe  
  49  4:12  Probe  
  49  4:14  Protoss Air Weapons Level 1  
  51  4:20  Fleet Beacon  
  51  4:22  Gateway  
  51  4:24  Pylon  
  51  4:28  Cybernetics Core  
  51  4:42  Pylon  
  51  4:45  Stargate  
  51  4:51  Pylon  
  51  5:06  Probe x2  
  53  5:17  Stalker  
  53  5:18  Zealot  
  57  5:23  Tempest (Chrono Boost)  
  57  5:24  Probe x2  
  63  5:31  Forge  
  63  5:34  Protoss Air Armor Level 1  
  67  5:37  Void Ray (Chrono Boost)  
  67  5:44  Pylon  
  67  5:46  Probe x2  
  69  6:07  Void Ray (Chrono Boost)  
  69  6:09  Stalker  
  69  6:10  Stalker  
  63  6:26  Void Ray (Chrono Boost)  
  63  6:31  Zealot  
  69  6:45  Void Ray (Chrono Boost)  
  73  7:06  Probe x2  
  75  7:14  Void Ray (Chrono Boost)  
  79  7:18  Probe  
  79  7:22  Void Ray (Chrono Boost)  
  84  7:39  Nexus  
  84  7:41  Pylon  
  84  7:42  Pylon  
  84  7:51  Tempest (Chrono Boost)  
  86  8:25  Tempest (Chrono Boost)  
  88  8:28  Tempest (Chrono Boost)  
  88  8:31  Gateway  
  88  8:32  Gateway  
  88  8:34  Gateway, Photon Cannon  
  79  9:54  Probe, Zealot x3  
  79  9:56  Probe x2  
  86  10:06  Tempest x2 (Chrono Boost)  
  90  10:08  Gateway, Probe  
  90  10:12  Stargate  
  91  10:43  Tempest x2 (Chrono Boost)  
Show
View Real Time Build Order
Export as new Build Order

TylerDurden Zerg - Winner!

Build Orders: Hatch First 

Get SALT Encoding   

  12  0:01  Drone  
  13  0:13  Overlord  
  13  0:17  Drone  
  14  0:32  Drone x2  
  16  0:36  Drone  
  17  1:00  Hatchery  
  17  1:01  Drone x2  
  18  1:12  Drone  
  19  1:18  Spawning Pool  
  19  1:21  Extractor  
  19  1:22  Drone  
  18  1:31  Overlord  
  18  1:43  Drone  
  19  1:55  Drone  
  20  2:05  Drone  
  21  2:13  Drone  
  21  2:14  Drone  
  21  2:15  Queen x2  
  27  2:32  Overlord  
  27  2:33  Hatchery  
  27  2:35  Drone  
  27  2:36  Drone  
  28  2:40  Metabolic Boost  
  28  3:06  Drone x5  
  33  3:22  Roach Warren  
  33  3:26  Extractor  
  31  3:29  Overlord  
  31  3:30  Drone, Overlord  
  31  3:31  Drone  
  31  3:32  Drone  
  34  3:41  Hatchery  
  33  3:47  Drone x5  
  38  3:48  Overlord  
  38  4:08  Drone x5  
  43  4:10  Queen  
  43  4:12  Drone  
  43  4:15  Overlord  
  43  4:16  Drone  
  47  4:19  Lair  
  47  4:42  Drone x3  
  47  4:43  Drone x6  
  47  4:45  Overlord  
  56  4:47  Overlord  
  56  5:00  Extractor x2  
  54  5:11  Roach  
  54  5:12  Roach x7  
  54  5:13  Roach  
  72  5:24  Roach x3  
  72  5:25  Roach  
  80  5:29  Glial Reconstitution  
  80  5:34  Roach x5  
  80  5:35  Overlord, Roach  
  92  5:38  Overlord x2  
  92  5:39  Overlord x2  
  92  5:40  Roach x2  
  92  5:41  Overlord  
  95  6:02  Queen  
  86  6:09  Roach  
  86  6:10  Roach x6  
  73  6:45  Roach  
  73  6:47  Zergling x2  
  73  6:48  Zergling x14  
  81  7:03  Hatchery  
  81  7:08  Hatchery  
  79  7:11  Roach x3  
  79  7:14  Zergling x6  
  86  7:28  Roach x2  
  90  7:36  Roach x2  
  97  7:51  Roach x2  
  87  8:09  Roach x2  
  87  8:10  Roach x2  
  61  8:24  Roach x2  
  57  8:36  Queen  
  57  8:37  Queen  
  57  8:38  Queen  
  57  8:40  Roach x2  
  57  8:58  Roach x3  
  57  9:02  Drone  
  54  9:04  Drone  
  54  9:07  Drone  
  52  9:20  Drone x3  
  55  9:28  Drone x2  
  57  9:31  Drone  
  57  9:35  Drone  
  59  9:39  Drone  
  59  9:44  Drone  
  59  9:47  Drone  
  59  9:49  Drone  
  51  9:59  Drone x2  
  53  10:01  Drone  
  54  10:10  Drone x2  
  54  10:11  Drone  
  57  10:22  Drone x4  
  57  10:23  Drone  
  52  10:36  Drone x3  
  52  10:37  Drone x4  
  52  10:38  Drone  
  52  10:42  Drone x2  
  62  10:43  Drone  
  62  10:44  Drone  
  62  10:46  Drone  
  65  11:18  Roach  
  65  11:19  Roach x6  
  65  11:20  Roach x7, Extractor  
  65  11:23  Roach, Extractor  
Tags
 
Add a new tag
Caveats
  • Supply blocks, unpowered buildings, or Contaminate may cause inaccurate times.
  • Supply counts are checked every 10 seconds.